 Dungeon Crawl Stone Soup version 0.28.0-53-g5a82cb258f (webtiles) character file.

Game seed: 7211965303155375005

10 hawla the Ducker (level 2, 0/11 HPs)
             Began as a Felid Earth Elementalist on May 26, 2022.
             Slain by a jackal (3 damage)
             ... on level 1 of the Dungeon.
             The game lasted 00:01:24 (556 turns).

hawla the Ducker (Felid Earth Elementalist)          Turns: 556, Time: 00:01:26

Health: 0/11       AC:  1    Str:  4    XL:     2   Next: 10%
Magic:  2/6        EV: 17    Int: 16    God:
Gold:   21         SH:  0    Dex: 16    Spells: 2/5 levels left
                                        Lives:  0   Deaths: 0

rFire   . . .      SeeInvis +   (weapon unavailable)
rCold   . . .      Faith    .   (shield unavailable)
rNeg    . . .      Spirit   .   (armour unavailable)
rPois   .          Reflect  .   (helmet unavailable)
rElec   .          Harm     .   (cloak unavailable)
rCorr   .          Rampage  .   (gloves unavailable)
Will    .....                   (boots unavailable)
Stlth   ++........              (no amulet)
HPRegen 0.03/turn               (no ring)
MPRegen 0.10/turn               (no ring)

@: very slightly contaminated, quick
A: very small, claws 1, fangs 3, see invisible, speed 1, shaggy fur 1, stealthy
paws, no weapons or thrown items, no armour, multi-lived
a: no special abilities


You were on level 1 of the Dungeon.
You visited 1 branch of the dungeon, and saw 1 of its levels.

You collected 21 gold pieces.

Inventory:

Missiles
 b - 22 stones
Scrolls
 a - 2 scrolls of amnesia {unknown}
Potions
 c - a potion of attraction {unknown}


   Skills:
 + Level 3.0 Dodging
 - Level 2.9 Stealth
 - Level 2.1 Spellcasting
 * Level 1.3 Transmutations
 * Level 2.9 Earth Magic


You had 2 spell levels left.
You knew the following spells:

 Your Spells              Type           Power      Damage    Failure   Level
a - Sandblast             Erth           22%        2d7       6%          1
b - Passwall              Tmut/Erth      6%         N/A       13%         2

Your spell library contained the following spells:

 Spells                   Type           Power      Damage    Failure   Level
 Stone Arrow              Conj/Erth      12%        3d7       34%         3
 Petrify                  Tmut/Erth      8%         N/A       63%         4


Dungeon Overview and Level Annotations

Branches:
Dungeon (1/15)

Altars:


Innate Abilities, Weirdness & Mutations

You have sharp claws.
You have razor-sharp teeth.
You have supernaturally acute eyesight. (SInv)
You cover ground quickly. (Speed+)
You are covered in fur. (AC +1)
Your paws help you pounce on unaware monsters.
You are incapable of wielding weapons or throwing items.
You cannot wear armour.
You gain extra lives every three experience levels.


Message History

The jackal barks! x3
The jackal misses you. The jackal closely misses you.
The ball python hisses angrily.
You scratch the jackal.
The jackal is moderately wounded.
The jackal bites you. The jackal misses you.
You barely miss the jackal.
The jackal is moderately wounded.
The jackal completely misses you. The jackal bites you. The jackal misses you.
The jackal barely misses you.
Casting: Sandblast (safe; 6% risk of failure)
Confirm with . or Enter, or press ? or * to list all spells.
Aiming: Passwall (safe; 13% risk of failure)
Press: ? - help, Dir - move target A rock wall.
This rock feels extremely deep.
Unknown command.
Casting: Passwall (safe; 13% risk of failure)
Confirm with . or Enter, or press ? or * to list all spells.
Aiming: Passwall (safe; 13% risk of failure)
Press: ? - help, Dir - move target A rock wall.
You miscast Passwall.
You are very lightly contaminated with residual magic.
Nothing appears to happen.
The jackal bites you but does no damage.
Casting: Passwall (safe; 13% risk of failure)
Confirm with . or Enter, or press ? or * to list all spells.
Aiming: Passwall (safe; 13% risk of failure)
Press: ? - help, Dir - move target A rock wall.
The jackal closely misses you. The jackal bites you. x2
* * * LOW HITPOINT WARNING * * *
You begin to meditate on the wall.
You continue meditating on the rock.
The jackal barely misses you. The jackal misses you.
The jackal closely misses you. x2
You continue meditating on the rock.
The jackal closely misses you. x2; The jackal barely misses you.
The jackal bites you.
You die...

...##.......#
............# ..#######
..................Sh..#
...#########.########h#
....#######...........#
....#.............#####
....#............##
...............hh#
.............(.h@#
.............#######.#
....#..........r....#
............######..#
............#
##.........####
.....#####....######
..##.# ####........
..##.####....###....


You could see 3 jackals.

Vanquished Creatures
  2 endoplasms (D:1)
  2 hobgoblins (D:1)
  2 quokkas (D:1)
  A frilled lizard (D:1)
  A kobold (D:1)
  A rat (D:1)
9 creatures vanquished.

Notes
Turn   | Place    | Note
-------+----------+-------------------------------------------
     0 | D:1      | hawla the Felid Earth Elementalist began the quest for the
                  | Orb.
     0 | D:1      | Reached XP level 1. HP: 7/7 MP: 4/4
   339 | D:1      | Reached skill level 3 in Dodging
   339 | D:1      | Reached XP level 2. HP: 11/11 MP: 0/6
   342 | D:1      | Learned a level 2 spell: Passwall
   556 | D:1      | Slain by a jackal

Illustrated notes

Levels and vault maps discovered:
D:1:      heliophobic_arrival_glass_houses, layout_rooms,
          shapermc_ecumenical_altar_venn

Skill      XL: |  1 |
---------------+----+-----
Dodging        | 3 |  3.0
Stealth        | |  2.9
Spellcasting   | |  2.1
Transmutations | |  1.3
Earth Magic    | |  2.9

Action                   || total
-------------------------++-------
Melee: Unarmed           ||    15
 Cast: Sandblast         ||    11
       Passwall          ||     2
 Stab: Sleeping          ||     1
Armor: Skin              ||     1
Dodge: Dodged            ||    32
